 Dungeon Crawl Stone Soup version 0.18-a0-1577-gf591c28 (webtiles) character file.

19 Duffy the Caller (level 2, -1/19 HPs)
             Began as a Demonspawn Summoner on Mar 21, 2016.
             Slain by a giant gecko (5 damage)
             ... on level 1 of the Dungeon.
             The game lasted 00:01:06 (1078 turns).

Duffy the Caller (Demonspawn Summoner)              Turns: 1078, Time: 00:01:06

Health: -1/19      AC:  4    Str:  8    XL:     2   Next: 55%
Magic:  4/5        EV: 12    Int: 16    God:
Gold:   27         SH:  0    Dex: 13    Spells: 2 memorised, 3 levels left

rFire  . . .     SeeInvis .     f - +0 dagger
rCold  . . .     Gourm    .     a - +0 robe
rNeg   . . .     Faith    .     (no shield)
rPois  .         Spirit   .     (no helmet)
rElec  .         Dismiss  .     (no cloak)
rCorr  .         Reflect  .     (no gloves)
SustAt .         Harm     .     (no boots)
MR     .....                    (no amulet)
Stlth  ++........               (no ring)
                                (no ring)

@: not resistant to hostile enchantments, unstealthy
A: slimy green scales 1
a: no special abilities


You were on level 1 of the Dungeon.
You were hungry.

You visited 1 branch of the dungeon, and saw 1 of its levels.

You collected 27 gold pieces.


Innate Abilities, Weirdness & Mutations

You are partially covered in slimy green scales (AC +2).


   Skills:
 - Level 1.7 Dodging
 - Level 1.7 Stealth
 + Level 2.6 Spellcasting
 + Level 4.2 Summonings


You had 3 spell levels left.
You knew the following spells:

 Your Spells              Type           Power        Failure   Level  Hunger
a - Summon Small Mammal   Summ           ###.         4%          1    #......
i - Call Imp              Summ           ###.....     8%          2    ##.....

Inventory:

Hand Weapons
 f - a +0 dagger (weapon)
Missiles
 d - 15 poisoned needles
 e - 68 stones (quivered)
Armour
 a - a +0 robe (worn)
Jewellery
 j - an uncursed ring of ice
Scrolls
 k - a scroll of amnesia {unknown}
 l - a scroll of random uselessness {unknown}
 m - a scroll of enchant weapon {unknown}
 o - a scroll of remove curse {unknown}
 p - a scroll of blinking {unknown}
Potions
 g - a potion of lignification {unknown}
 h - a potion of mutation {unknown}
 i - a potion of heal wounds {unknown}
Books
 b - a book of Callings
Comestibles
 c - a bread ration
 n - a fruit

Dungeon Overview and Level Annotations

Branches:
Dungeon (1/15)

Altars:


Message History

You closely miss the giant gecko.
The giant gecko is almost dead.
The giant gecko misses you.
You hit the giant gecko.
You kill the giant gecko!
You barely miss the giant gecko. The giant gecko closely misses you.
You barely miss the giant gecko. The giant gecko bites you.
The giant gecko bites you but does no damage.
You miss the giant gecko. The giant gecko barely misses you.
You miss the giant gecko. The giant gecko bites you.
You closely miss the giant gecko. The giant gecko bites you.
You are too injured to fight recklessly!
You are too injured to fight recklessly!
You are too injured to fight recklessly!
You are too injured to fight recklessly!
You are too injured to fight recklessly!
You are too injured to fight recklessly!
You are too injured to fight recklessly!
You are too injured to fight recklessly!
You are too injured to fight recklessly!
You are too injured to fight recklessly!
You are too injured to fight recklessly!
You are too injured to fight recklessly!
You are too injured to fight recklessly!
You are too injured to fight recklessly!
You are too injured to fight recklessly!
You are too injured to fight recklessly!
You are too injured to fight recklessly!
You are too injured to fight recklessly!
Cast which spell? (? or * to list)
The giant gecko bites you.
You hit the giant gecko but do no damage.
Your bat hits the giant gecko but does no damage.
The giant gecko bites you.
You die...

.########...#.##.........#..##.#
............#........#.#...#. .
.#######....#..#.##..#.####
..######....#..#..........#
............#..............
#.#####.###.#..#........##. #.#
#.# #.#...%..%....... #.#
#.###.#.##..#...#.### #.#
#.#......b@..........
#.#####.#.#....l......#>...
#.#.......#...........#.###
#.#.###...#...####.#.## #
#.#................#.#
..#..#.#..#.######.#.#
.....#.#..#....#.....#
.......)..####.#.######.#
#.#..#....# #.#........#


You could see a giant gecko and a friendly bat.

Action                   || total
-------------------------++-------
Melee: Dagger            ||    61
 Cast: Summon Small Mamm ||    11
       Call Imp          ||     2
 Stab: Sleeping          ||     1

Notes
Turn   | Place    | Note
--------------------------------------------------------------
     0 | D:1      | Duffy the Demonspawn Summoner began the quest for the Orb.
     0 | D:1      | Reached XP level 1. HP: 13/13 MP: 3/3
   495 | D:1      | Gained mutation: You are partially covered in slimy green scales (AC +2). [demonic ancestry]
   495 | D:1      | Reached XP level 2. HP: 14/19 MP: 1/5
   499 | D:1      | Learned a level 2 spell: Call Imp
  1078 | D:1      | Slain by a giant gecko

Vault maps used:
D:1:      scummos_arrival_star, serial_bayou_pond_d

Vanquished Creatures
  An ooze
  3 giant geckos
  3 bats
  A giant cockroach
  A goblin
  2 hobgoblins
  A kobold
  4 rats
16 creatures vanquished.
